 Seeded DCSS version 0.23.2 (webtiles) character file.

Game seed: 97667173627

6253 Kranky the Thaumaturge (level 10, 0/75 HPs)
             Began as a Gnoll Wizard on Oct 30, 2019.
             Was an Elder of Okawaru.
             Succumbed to a guardian serpent's bolt of poison
             ... on level 10 of the Dungeon.
             The game lasted 00:46:33 (10780 turns).

Kranky the Thaumaturge (Gnoll Wizard)              Turns: 10780, Time: 00:46:34

Health: 0/75       AC: 14    Str: 12    XL:     10   Next: 93%
Magic:  22/23      EV: 17    Int: 21    God:    Okawaru [****..]
Gold:   482        SH:  0    Dex: 14    Spells: 18/27 levels left

rFire    + + .     SeeInvis .   J - +5 dagger (freeze)
rCold    . . .     Gourm    .   (no shield)
rNeg     . . .     Faith    +   u - +2 ring mail {rPois}
rPois    +         Spirit   .   D - +0 helmet
rElec    .         Reflect  .   (no cloak)
rCorr    .         Harm     .   r - +0 pair of gloves
MR       .....                  z - +1 pair of boots {Stlth+}
Stlth    +++++.....             w - amulet of faith
HPRegen  0.22/turn              q - ring of protection from fire
MPRegen  0.18/turn              a - ring of protection from fire

@: lethally poisoned (0 -> -2), heroism, slowed, very slow
A: distributed training, fangs 1, strong nose
a: Heroism, Renounce Religion


You were on level 10 of the Dungeon.
You worshipped Okawaru.
Okawaru was greatly pleased with you.
You were not hungry.

You visited 1 branch of the dungeon, and saw 10 of its levels.
You also visited: Sewer.

You collected 677 gold pieces.
You spent 195 gold pieces at shops.

Inventory:

Hand Weapons
 i - a +0 hunting sling
 n - a +2 short sword of draining
 J - a +5 dagger of freezing (weapon)
Missiles
 g - 68 sling bullets
 I - 4 throwing nets (quivered)
Armour
 r - a +0 pair of gloves (worn)
 u - a +2 ring mail of poison resistance (worn)
 v - a +2 ring mail of cold resistance
 z - a +1 pair of boots of stealth (worn)
 D - a +0 helmet (worn)
Jewellery
 a - a ring of protection from fire (right hand)
 q - a ring of protection from fire (left hand)
 w - an amulet of faith (around neck)
 G - a +3 ring of evasion {unknown}
Wands
 m - a wand of paralysis (3)
 s - a wand of iceblast (10)
 t - a wand of clouds (6)
 y - a wand of polymorph (7)
 F - a wand of random effects (30)
 L - a wand of digging (6)
Scrolls
 b - 2 scrolls of remove curse {unknown}
 c - 5 scrolls of noise {unknown}
 e - 4 scrolls of fear {unknown}
 h - 7 scrolls of identify {unknown}
 k - 7 scrolls of enchant weapon {unknown}
 l - 5 scrolls of teleportation {unknown}
 o - a scroll of immolation {unknown}
 p - 4 scrolls of enchant armour {unknown}
 E - 4 scrolls of fog {unknown}
Potions
 f - 3 potions of haste {unknown}
 j - 6 potions of heal wounds {unknown}
 x - 7 potions of flight {unknown}
 A - 6 potions of curing
 B - 2 potions of brilliance {unknown}
 C - a potion of might {unknown}
 H - a potion of lignification {unknown}
 M - a potion of agility {unknown}
Comestibles
 d - 11 rations
 K - 12 chunks of flesh


   Skills:
 + Level 5.6(10.6) Fighting
 + Level 5.6(10.6) Short Blades
 + Level 5.6(10.6) Long Blades
 + Level 5.6(10.6) Axes
 + Level 5.6(10.6) Maces & Flails
 + Level 5.6(10.6) Polearms
 + Level 5.6(10.6) Staves
 + Level 5.6(10.6) Slings
 + Level 5.6(10.6) Bows
 + Level 5.6(10.6) Crossbows
 + Level 5.6(10.6) Throwing
 + Level 5.6(10.6) Armour
 + Level 7.3(12.3) Dodging
 + Level 7.1(12.1) Stealth
 + Level 5.6(10.6) Shields
 + Level 5.6(10.6) Unarmed Combat
 + Level 9.2 Spellcasting
 + Level 5.2 Conjurations
 + Level 4.6 Hexes
 + Level 4.6 Charms
 + Level 5.2 Summonings
 + Level 4.6 Necromancy
 + Level 5.2 Translocations
 + Level 4.6 Transmutations
 + Level 4.6 Fire Magic
 + Level 4.6 Ice Magic
 + Level 4.6 Air Magic
 + Level 4.6 Earth Magic
 + Level 4.6 Poison Magic
 + Level 6.2 Invocations
 + Level 5.6 Evocations


You had 18 spell levels left.
You knew the following spells:

 Your Spells              Type           Power        Failure   Level  Hunger
a - Magic Dart            Conj           ####         1%          1    None
b - Blink                 Tloc           N/A          2%          2    None
c - Conjure Flame         Conj/Fire      ####....     5%          3    None
d - Mephitic Cloud        Conj/Pois/Air  ####....     5%          3    None

Your spell library contained the following spells:

 Spells                   Type           Power        Failure   Level  Hunger
 Call Imp                 Summ           ####....     2%          2    None
 Slow                     Hex            ####....     3%          2    None


Dungeon Overview and Level Annotations

Branches:
Dungeon (10/15)            Temple (0/1) D:7             Orc (0/2) D:9
   Lair: D:8-11

Altars:
Dithmenos
Okawaru

Shops:
D:5 [


Innate Abilities, Weirdness & Mutations

Your experience applies equally to all skills.
You have very sharp teeth.
Your uncanny sense of smell can sniff out nearby items.


Message History

The guardian serpent is severely wounded.
The guardian serpent coils itself and waves its upper body at you.
You feel as though you will be slow longer.
The guardian serpent closely misses you.
You hit the guardian serpent but do no damage.
The guardian serpent is severely wounded.
You feel sick.
The guardian serpent closely misses you.
You barely miss the guardian serpent.
The guardian serpent is severely wounded.
The guardian serpent coils itself and waves its upper body at you.
You resist with significant effort.
You barely miss the guardian serpent.
The guardian serpent is severely wounded.
The guardian serpent casts a spell at you.
The bolt of poison hits you. You resist.
* * * LOW HITPOINT WARNING * * *
You hit the guardian serpent. You freeze the guardian serpent.
The guardian serpent is almost dead.
You die...

#.. #..# #..#
#..# #######..#
#......[.######
#....(....S...#
#........@....#
#........####.+
#........#
#........#
#......>.#######
#..........)....
#...............
#........#######
#........#


You could see a guardian serpent.

Vanquished Creatures
  Harold (D:9)
  Psyche (D:9)
  A wyvern (D:10)
  2 water moccasins
  4 ice beasts
  5 orc warriors
  3 sky beasts (D:8)
  2 phantoms
  6 ogres
  5 centaurs
  4 big kobolds
  9 bullfrogs
  A wyvern skeleton (D:8)
  5 killer bees (D:7)
  3 scorpions
  4 wights (D:9)
  A centaur zombie (D:8)
  A crimson imp (D:9)
  A hound (D:7)
  A jelly (D:7)
  11 orc wizards
  6 orc priests
  A gnoll shaman (D:7)
  2 centaur skeletons
  4 worker ants
  4 iguanas
  A killer bee zombie (D:8)
  A hound zombie (D:6)
  A hound skeleton (D:8)
  2 worker ant zombies
  4 gnolls
  16 adders
  3 river rats (Sewer)
  A shadow imp (D:7)
  4 oozes
  3 adder zombies
  3 adder skeletons
  4 worms
  3 dart slugs
  7 leopard geckos
  57 orcs
  4 giant cockroaches
  9 hobgoblins
  11 jackals
  27 kobolds
  4 quokkas
  5 ball pythons
  4 bats
  11 frilled lizards
  7 goblins
  A quokka skeleton (D:6)
  29 rats
  A butterfly (D:7)
311 creatures vanquished.

Notes
Turn   | Place    | Note
-------+----------+-------------------------------------------
     0 | D:1      | Kranky the Gnoll Wizard began the quest for the Orb.
     0 | D:1      | Reached XP level 1. HP: 13/13 MP: 8/8
   217 | D:1      | Reached XP level 2. HP: 19/19 MP: 8/10
   552 | D:1      | Reached XP level 3. HP: 25/25 MP: 5/11
  1003 | D:2      | Learned a level 2 spell: Blink
  1010 | D:2      | Learned a level 3 spell: Conjure Flame
  1014 | D:2      | Learned a level 3 spell: Mephitic Cloud
  1151 | D:2      | Reached skill level 1 in Invocations
  1349 | D:2      | Reached skill level 1 in Fighting
  1349 | D:2      | Reached skill level 1 in Short Blades
  1349 | D:2      | Reached skill level 1 in Long Blades
  1349 | D:2      | Reached skill level 1 in Axes
  1349 | D:2      | Reached skill level 1 in Maces & Flails
  1349 | D:2      | Reached skill level 1 in Polearms
  1349 | D:2      | Reached skill level 1 in Staves
  1349 | D:2      | Reached skill level 1 in Slings
  1349 | D:2      | Reached skill level 1 in Bows
  1349 | D:2      | Reached skill level 1 in Crossbows
  1349 | D:2      | Reached skill level 1 in Throwing
  1349 | D:2      | Reached skill level 1 in Armour
  1349 | D:2      | Reached skill level 1 in Shields
  1349 | D:2      | Reached skill level 1 in Unarmed Combat
  1349 | D:2      | Reached skill level 1 in Evocations
  1375 | D:2      | Reached XP level 4. HP: 31/32 MP: 0/13
  2204 | D:3      | Noticed an ogre
  2224 | D:3      | Killed an ogre
  2224 | D:3      | Reached skill level 1 in Hexes
  2224 | D:3      | Reached skill level 1 in Charms
  2224 | D:3      | Reached skill level 1 in Necromancy
  2224 | D:3      | Reached skill level 1 in Transmutations
  2224 | D:3      | Reached skill level 1 in Fire Magic
  2224 | D:3      | Reached skill level 1 in Ice Magic
  2224 | D:3      | Reached skill level 1 in Air Magic
  2224 | D:3      | Reached skill level 1 in Earth Magic
  2224 | D:3      | Reached skill level 1 in Poison Magic
  2224 | D:3      | Reached XP level 5. HP: 12/37 MP: 10/14
  3547 | D:4      | Noticed an ogre
  3561 | D:4      | Killed an ogre
  3561 | D:4      | Reached XP level 6. HP: 34/44 MP: 3/16
  3586 | D:4      | Reached skill level 5 in Dodging
  4106 | D:4      | Reached XP level 7. HP: 48/50 MP: 10/18
  4501 | D:5      | Entered Level 5 of the Dungeon
  4615 | D:5      | Found Busk's Antique Armour Boutique.
  4636 | D:5      | Found a glowing drain.
  4645 | Sewer    | Entered a sewer
  4807 | Sewer    | Reached skill level 5 in Stealth
  5040 | Sewer    | Reached XP level 8. HP: 42/57 MP: 4/19
  5472 | D:5      | Bought a pair of glowing boots for 195 gold pieces
  6034 | D:5      | Reached skill level 8 in Spellcasting
  6332 | D:6      | Reached XP level 9. HP: 65/65 MP: 12/21
  6826 | D:6      | Found an iron altar of Okawaru.
  6854 | D:6      | Became a worshipper of Warmaster Okawaru
  7186 | D:7      | Reached * piety under Okawaru
  7766 | D:7      | Reached skill level 5 in Invocations
  7879 | D:7      | Found a shadowy altar of Dithmenos.
  7895 | D:7      | Reached ** piety under Okawaru
  8004 | D:7      | Found a staircase to the Ecumenical Temple.
  8257 | D:8      | Reached XP level 10. HP: 73/73 MP: 22/22
  9059 | D:8      | Reached skill level 5 in Fighting
  9059 | D:8      | Reached skill level 5 in Short Blades
  9059 | D:8      | Reached skill level 5 in Long Blades
  9059 | D:8      | Reached skill level 5 in Axes
  9059 | D:8      | Reached skill level 5 in Maces & Flails
  9059 | D:8      | Reached skill level 5 in Polearms
  9059 | D:8      | Reached skill level 5 in Staves
  9059 | D:8      | Reached skill level 5 in Slings
  9059 | D:8      | Reached skill level 5 in Bows
  9059 | D:8      | Reached skill level 5 in Crossbows
  9059 | D:8      | Reached skill level 5 in Throwing
  9059 | D:8      | Reached skill level 5 in Armour
  9059 | D:8      | Reached skill level 5 in Shields
  9059 | D:8      | Reached skill level 5 in Unarmed Combat
  9059 | D:8      | Reached skill level 5 in Evocations
  9336 | D:9      | Reached *** piety under Okawaru
  9414 | D:9      | Found a staircase to the Orcish Mines.
  9903 | D:9      | Reached skill level 9 in Spellcasting
  9958 | D:9      | Noticed Harold
  9986 | D:9      | Killed Harold
  9986 | D:9      | Received a gift from Okawaru
  9986 | D:9      | Reached skill level 5 in Conjurations
  9986 | D:9      | Reached skill level 5 in Summonings
  9986 | D:9      | Reached skill level 5 in Translocations
 10512 | D:9      | Noticed Psyche
 10519 | D:9      | Killed Psyche
 10630 | D:10     | Entered Level 10 of the Dungeon
 10706 | D:10     | Reached **** piety under Okawaru
 10753 | D:10     | Noticed a guardian serpent
 10779 | D:10     | HP: 1/75 [guardian serpent/bolt of poison (6)]
 10780 | D:10     | Succumbed to a guardian serpent's bolt of poison

Skill      XL: |  1  2  3  4  5  6  7  8  9 10 |
---------------+-------------------------------+-----
Conjurations   | 2 3 4 5 |  5.2
Summonings     | 2 3 4 5 |  5.2
Translocations | 2 3 4 5 |  5.2
Invocations    | 1 2 3 4 5 6 |  6.2
Fighting       | 1 2 3 4 5 |  5.6
Short Blades   | 1 2 3 4 5 |  5.6
Long Blades    | 1 2 3 4 5 |  5.6
Axes           | 1 2 3 4 5 |  5.6
Maces & Flails | 1 2 3 4 5 |  5.6
Polearms       | 1 2 3 4 5 |  5.6
Staves         | 1 2 3 4 5 |  5.6
Slings         | 1 2 3 4 5 |  5.6
Bows           | 1 2 3 4 5 |  5.6
Crossbows      | 1 2 3 4 5 |  5.6
Throwing       | 1 2 3 4 5 |  5.6
Armour         | 1 2 3 4 5 |  5.6
Shields        | 1 2 3 4 5 |  5.6
Unarmed Combat | 1 2 3 4 5 |  5.6
Evocations     | 1 2 3 4 5 |  5.6
Hexes          | 1 2 3 4 |  4.6
Charms         | 1 2 3 4 |  4.6
Necromancy     | 1 2 3 4 |  4.6
Transmutations | 1 2 3 4 |  4.6
Fire Magic     | 1 2 3 4 |  4.6
Ice Magic      | 1 2 3 4 |  4.6
Air Magic      | 1 2 3 4 |  4.6
Earth Magic    | 1 2 3 4 |  4.6
Poison Magic   | 1 2 3 4 |  4.6
Dodging        | 5 6 7 |  7.3
Stealth        | 5 6 7 |  7.1
Spellcasting   | 8 9 |  9.2

Action                   |  1- 3 |  4- 6 |  7- 9 | 10-12 || total
-------------------------+-------+-------+-------+-------++-------
Melee: Unarmed           |     1 |       |       |       ||     1
       Short sword       |     6 |    66 |   324 |   196 ||   592
       Bite              |       |     2 |    28 |    21 ||    51
       Punch             |       |     1 |     4 |     6 ||    11
       Dagger            |       |       |       |    61 ||    61
 Fire: Hunting sling     |       |       |    15 |    29 ||    44
 Cast: Magic Dart        |    88 |    95 |   173 |    72 ||   428
       Mephitic Cloud    |       |     6 |    21 |    11 ||    38
       Conjure Flame     |       |       |     2 |     8 ||    10
       Blink             |       |       |     1 |       ||     1
Invok: Heroism           |       |       |       |     1 ||     1
 Stab: Sleeping          |     3 |       |     6 |     8 ||    17
       Confused          |       |     3 |    12 |    11 ||    26
  Eat: Chunk             |     1 |     9 |    13 |     8 ||    31
Armor: Robe              |     2 |     6 |       |       ||     8
       Ring mail         |       |    20 |   120 |    63 ||   203
Dodge: Dodged            |    16 |    48 |   224 |   148 ||   436
